 Dungeon Crawl Stone Soup version 0.29-a0-997-gf6f7e2dfe7 (webtiles) character file.

Game seed: 15731164590815540954

105 Newt the Shooter (level 5, -4/29 HPs)
             Began as a Kobold Arcane Marksman on Aug 4, 2022.
             Killed by nerve-wracking pain
             ... invoked by an orc priest
              (14 damage)
             ... on level 3 of the Dungeon.
             The game lasted 00:02:54 (1756 turns).

Newt the Shooter (Kobold Arcane Marksman)           Turns: 1756, Time: 00:02:55

Health: -4/29      AC:  5    Str:  9    XL:     5   Next: 9%
Magic:  6/6        EV: 15    Int: 14    God:
Gold:   71         SH:  0    Dex: 16    Spells: 5/6 levels left

rFire   . . .      SeeInvis +   a - +1 sling
rCold   . . .      Faith    .   (no shield)
rNeg    . . .      Spirit   .   c - +0 robe
rPois   .          Reflect  .   f - +2 helmet {SInv}
rElec   .          Harm     .   (no cloak)
rCorr   .          Rampage  .   (no gloves)
Will    .....                   (no boots)
Stlth   ++........              (no amulet)
HPRegen 0.09/turn               (no ring)
MPRegen 0.10/turn               (no ring)

@: no status effects
A: small, no large weapons, nightstalker 3
a: no special abilities


You were on level 3 of the Dungeon.
You visited 1 branch of the dungeon, and saw 3 of its levels.

You collected 71 gold pieces.

Inventory:

Hand Weapons
 a - a +1 sling (weapon)
Armour
 c - a +0 robe (worn)
 f - a +2 helmet of see invisible (worn)
Jewellery
 g - an amulet of reflection
Scrolls
 b - a scroll of vulnerability
 d - a scroll of noise {unknown}
 e - 2 scrolls of identify
 j - a scroll of teleportation {unknown}
 k - a scroll of magic mapping {unknown}
 m - a scroll of silence {unknown}
Potions
 i - a potion of attraction {unknown}
 l - a potion of lignification {unknown}


   Skills:
 + Level 1.6 Fighting
 * Level 5.4 Ranged Weapons
 + Level 2.9 Dodging
 + Level 0.1 Stealth
 * Level 1.1 Spellcasting
 * Level 3.5 Hexes


You had 5 spell levels left.
You knew the following spells:

 Your Spells              Type           Power      Damage    Failure   Level
a - Slow                  Hex            40%        N/A       6%          1

Your spell library contained the following spells:

 Spells                   Type           Power      Damage    Failure   Level
 Shock                    Conj/Air       0%         1d3       26%         1
 Inner Flame              Hex/Fire       5%         N/A       36%         3
 Portal Projectile        Hex/Tloc       10%        N/A       36%         3
 Cause Fear               Hex            5%         N/A       52%         4
 Swiftness                Air            0%         N/A       61%         3
 Airstrike                Air            0%         2d(0-16)  95%         4


Dungeon Overview and Level Annotations

Branches:
Dungeon (3/15)

Altars:

Shops:
D:2 :


Innate Abilities, Weirdness & Mutations

You are small and have problems with some larger weapons.
You are completely attuned to the shadows.


Message History

Unknown command.
You shoot a sling bullet.
You feel less invigorated.
You feel less confused. The orc priest barely misses you.
The orc priest misses you.
Unknown command.
Fire: a) +1 sling
Press: ? - help, Shift-Dir - straight line, f/p - orc priest
Aim: an orc priest, wielding a +0 flail and wearing a +0 ring mail (moderately wounded, 64% to hit)
You shoot a sling bullet. The sling bullet hits the orc priest.
The orc priest is severely wounded.
The orc priest invokes the aid of Beogh against you.
Beogh smites you!
You shoot a sling bullet.
The sling bullet closely misses the orc priest.
The orc priest misses you.
You shoot a sling bullet. The sling bullet hits the orc priest.
The orc priest is severely wounded.
The orc priest hits you with a +0 flail!
You are too injured to fight recklessly!
Fire: a) +1 sling
Press: ? - help, Shift-Dir - straight line, f/p - orc priest
Aim: an orc priest, wielding a +0 flail and wearing a +0 ring mail (severely wounded, 64% to hit)
You shoot a sling bullet.
The sling bullet hits the orc priest but does no damage.
The orc priest is severely wounded.
The orc priest barely misses you.
Fire: a) +1 sling
Press: ? - help, Shift-Dir - straight line, f/p - orc priest
Aim: an orc priest, wielding a +0 flail and wearing a +0 ring mail (severely wounded, 64% to hit)
You shoot a sling bullet.
The sling bullet barely misses the orc priest.
The orc priest barely misses you.
Fire: a) +1 sling
Press: ? - help, Shift-Dir - straight line, f/p - orc priest
Aim: an orc priest, wielding a +0 flail and wearing a +0 ring mail (severely wounded, 64% to hit)
You shoot a sling bullet. The sling bullet hits the orc priest.
The orc priest is almost dead.
The orc priest invokes the aid of Beogh against you.
Pain shoots through your body!
You die...

..##.....
#.# #.....
#.# ##o###
#.. #.#
.##. #.#
#.... #.#
##### #.#
#....
####.#####
#....
#.>@.....#
#....
#..o.....#
#....
..........#
#....
#.........#
#....
#....^....#
#####
.........#
.........#
...#.#####
....†#####


You could see an orc priest.

Vanquished Creatures
  Jessica (D:2)
  3 adders (D:2)
  2 worms
  A dart slug (D:1)
  An orc (D:2)
  4 bats
  5 endoplasms
  6 giant cockroaches
  5 goblins
  3 hobgoblins
  A quokka (D:1)
  5 ball pythons
  3 frilled lizards
  3 kobolds
43 creatures vanquished.

Notes
Turn   | Place    | Note
-------+----------+-------------------------------------------
     0 | D:1      | Newt the Kobold Arcane Marksman began the quest for the
                  | Orb.
     0 | D:1      | Reached XP level 1. HP: 12/12 MP: 2/2
    13 | D:1      | Reached skill level 3 in Ranged Weapons
    86 | D:1      | Reached XP level 2. HP: 3/16 MP: 3/3
   484 | D:1      | Reached XP level 3. HP: 20/20 MP: 4/4
   550 | D:1      | You fall into a shaft and drop 1 floor!
   591 | D:2      | Reached skill level 4 in Ranged Weapons
   598 | D:2      | Found Yjuon's Book Shop.
   841 | D:2      | Noticed Jessica
   844 | D:2      | Killed Jessica
   845 | D:2      | Reached XP level 4. HP: 25/25 MP: 5/5
   955 | D:2      | Reached skill level 5 in Ranged Weapons
  1288 | D:2      | Reached XP level 5. HP: 24/29 MP: 6/6
  1756 | D:3      | Killed from afar by an orc priest

Illustrated notes

Levels and vault maps discovered:
D:1:      dpeg_arrival_ratfight, layout_rooms, dk_noncrumbling_2
D:2:      layout_rooms, serial_shops, shop, minmay_diced_spiral, uniq_jessica
D:3:      layout_basic, serial_glass, glass_columns_b, glass_columns_a,
          item_on_display_a, item_on_display_a, due_unseen_surprise,
          item_on_display_a, serial_shops, shop, interstate_on_off

Skill      XL: |  1  2  3  4 |
---------------+-------------+-----
Ranged Weapons | 3 4 5 |  5.4
Fighting       | |  1.6
Dodging        | |  2.9
Stealth        | |  0.1
Spellcasting   | |  1.1
Hexes          | |  3.5

Action                   |  1- 3 |  4- 6 || total
-------------------------+-------+-------++-------
 Fire: Sling             |    79 |    83 ||   162
 Cast: Slow              |       |     4 ||     4
  Use: Scroll            |       |     1 ||     1
       Potion            |       |     1 ||     1
Armor: Robe              |    13 |    10 ||    23
Dodge: Dodged            |    40 |    49 ||    89

Table legend: (Time is in decaauts)
 A = Elapsed time spent in this place.
 B = Non-inter-level travel time spent in this place.
 C = Inter-level travel time spent in this place.
 D = Time resting spent in this place.
 E = Time spent auto-exploring this place.
 F = Levels seen in this place.
 G = Mean time per level.
                   A        B        C        D        E       F      G
               +--------+--------+--------+--------+--------+-----+--------+
         Total |   1784 |   1752 |     32 |    192 |   1263 |   3 |  594.7 |
       Dungeon |   1784 |   1752 |     32 |    192 |   1263 |   3 |  594.7 |
               +--------+--------+--------+--------+--------+-----+--------+

Top non-repeatable levels by time:
     D:2: 1067 daAuts
     D:1: 562 daAuts
     D:3: 154 daAuts
